 Dungeon Crawl Stone Soup version 0.26.1-2-gb8aa6d0cf2 (webtiles) character file.

Game seed: 11942807405272316085

26362 jlumianski the Cleaver (level 12, -1/99 HPs)
             Began as a Palentonga Fighter on Mar 6, 2021.
             Was a High Priest of Okawaru.
             Killed by divine providence
             ... invoked by an orc priest
              (12 damage)
             ... on level 2 of the Orcish Mines on Mar 7, 2021.
             The game lasted 01:00:54 (16225 turns).

jlumianski the Cleaver (Palentonga Fighter)        Turns: 16225, Time: 01:00:55

Health: -1/99      AC: 35    Str: 30    XL:     12   Next: 97%
Magic:  19/19      EV:  5    Int:  9    God:    Okawaru [*****.]
Gold:   1301       SH: 12    Dex: 15    Spells: 11/11 levels left

rFire    + . .     SeeInvis +   d - +9 war axe (vorpal)
rCold    + . .     Faith    .   c - +0 kite shield
rNeg     . . .     Spirit   .   t - +2 plate armour {rF+}
rPois    +         Reflect  .   u - +2 helmet
rElec    .         Harm     .   w - +2 cloak
rCorr    .         Rampage  .   E - +2 pair of gloves {Dex+3}
Will     .....                  V - +0 barding {rC+}
Stlth    ..........             (no amulet)
HPRegen  0.26/turn              I - +6 ring of strength
MPRegen  0.16/turn              P - ring of poison resistance

@: marked, curled up
A: large, rugged brown scales 3, see invisible, agile 1, deformed body, frail 1,
roll 1, armoured tail, reflexive curl
a: Rolling Charge, Renounce Religion, Heroism, Finesse


You were on level 2 of the Orcish Mines.
You worshipped Okawaru.
Okawaru was extremely pleased with you.
You visited 4 branches of the dungeon, and saw 18 of its levels.

You collected 1601 gold pieces.
You spent 300 gold pieces at shops.

Inventory:

Hand Weapons
 d - a +9 vorpal war axe (weapon)
 i - a +2 hand axe of freezing
 o - a +0 hand axe of flaming
 x - a +1 broad axe
 z - the +3 broad axe "Liheazojih" {protect, rPois Int+3}
   (Okawaru gifted it to you on level 13 of the Dungeon)

   It grants its wielder temporary protection when it strikes (+7 to AC).
   It affects your intelligence (+3).
   It protects you from poison.
 M - a +2 flail of protection
Missiles
 l - 27 boomerangs
 q - 88 poisoned darts (quivered)
 y - 2 throwing nets
 H - 8 javelins
Armour
 c - a +0 kite shield (worn)
 t - a +2 plate armour of fire resistance (worn)
 u - a +2 helmet (worn)
 w - a +2 cloak (worn)
 E - a +2 pair of gloves of dexterity (worn)
 V - a +0 barding of cold resistance (worn)
Jewellery
 I - a +6 ring of strength (left hand)
 P - a ring of poison resistance (right hand)
 Q - a +4 ring of evasion
 T - an uncursed ring of protection from cold
Wands
 h - a wand of polymorph (16)
 m - a wand of random effects (9)
 s - a wand of digging (6)
 K - a wand of flame (25)
 O - a wand of enslavement (7)
Scrolls
 a - a scroll of enchant weapon
 g - 5 scrolls of remove curse
 n - 11 scrolls of identify
 p - 10 scrolls of teleportation
 D - 2 scrolls of amnesia
Potions
 e - a potion of mutation
 f - a potion of lignification
 k - a potion of flight
 r - 5 potions of curing
 v - 3 potions of resistance
 A - 2 potions of haste
 F - a potion of berserk rage
 N - a potion of ambrosia
 S - a potion of degeneration {unknown}
Miscellaneous
 j - a phial of floods (inert)
 U - a box of beasts


   Skills:
 + Level 8.9 Fighting
 + Level 13.1 Axes
 + Level 1.5(8.8) Maces & Flails
 + Level 0.7 Throwing
 + Level 7.3 Armour
 + Level 2.8 Dodging
 + Level 0.2 Stealth
 + Level 7.7 Shields
 * Level 10.3 Invocations


You had 11 spell levels left.
You didn't know any spells.
Your spell library contained the following spells:

 Spells                   Type           Power        Failure   Level
 Corona                   Hex            0%           99%         1
 Freeze                   Ice            0%           99%         1
 Magic Dart               Conj           0%           99%         1
 Shock                    Conj/Air       0%           99%         1
 Blink                    Tloc           N/A          100%        2
 Call Imp                 Summ           0%           100%        2
 Searing Ray              Conj           0%           100%        2
 Slow                     Hex            0%           100%        2
 Swiftness                Air            0%           100%        2
 Conjure Flame            Conj/Fire      0%           100%        3
 Dazzling Flash           Conj/Hex       0%           100%        3
 Frozen Ramparts          Ice            0%           100%        3
 Inner Flame              Hex/Fire       0%           100%        3
 Mephitic Cloud           Conj/Pois/Air  0%           100%        3
 Ozocubu's Armour         Ice            0%           100%        3
 Portal Projectile        Hex/Tloc       0%           100%        3
 Static Discharge         Conj/Air       0%           100%        3
 Airstrike                Air            0%           100%        4
 Cause Fear               Hex            0%           100%        4
 Fulminant Prism          Conj/Hex       0%           100%        4
 Hailstorm                Conj/Ice       0%           100%        4
 Iskenderun's Mystic Bla  Conj/Tloc      0%           100%        4
 Leda's Liquefaction      Hex/Erth       0%           100%        4
 Summon Ice Beast         Ice/Summ       0%           100%        4
 Lightning Bolt           Conj/Air       0%           100%        5
 Silence                  Hex/Air        0%           100%        5
 Yara's Violent Unravell  Hex/Tmut       0%           100%        5
 Discord                  Hex            0%           100%        8


Dungeon Overview and Level Annotations

Branches:
Dungeon (14/15)            Temple (1/1) D:4            Lair (1/6) D:8
    Orc (2/2) D:11            Elf (0/3) Orc:2
 Vaults: D:13-14

Altars:
Cheibriados
Dithmenos
Elyvilon
Fedhas
Gozag
Kikubaaqudgha
Makhleb
Nemelex Xobeh
Okawaru
Qazlal
Ru
Sif Muna
Uskayaw
Vehumet
Wu Jian
Xom
Yredelemnul
Zin
The Shining One
Beogh

Shops:
D:4 :*}?:   D:5 *   Orc:1 *   Orc:2 }

Annotations:
D:12 Frances, Kirke


Innate Abilities, Weirdness & Mutations

You are completely covered in rugged brown scales. (AC +3, +7% HP)
You have supernaturally acute eyesight. (SInv)
Armour fits poorly on your strangely shaped body.
You can roll at nearby foes to attack.
You have a long armoured tail.
You curl defensively after being hit.
You are agile. (Dex +2)
You are frail. (-10% HP)


Message History

You resist with significant effort.
The orc warrior hits you but does no damage.
An orc knight comes into view. It is wielding a +0 bardiche.
You slash the orc priest!
You kill the orc priest!
Okawaru accepts your kill.
You slash the orc warrior!
You hit the orc warrior but do no damage.
The orc warrior hits you with a +0 flail!
The orc warrior hits you but does no damage.
The orc warrior hits you with a +0 flail!
* * * LOW HITPOINT WARNING * * *
The orc priest invokes the aid of Beogh against you.
Beogh smites you!
* * * LOW HITPOINT WARNING * * *
The orc knight roars a battlecry!
The orc knight goes into a battle-frenzy!
The orc priest calls down the wrath of Beogh upon you.
Beogh smites you!
You die...

**,,,,,,,,⌠,⌠,,,,,,,,,,,,,,,,,
*,,,,.....∩.......,,,,,,,,,,,
**,,,....⌠.⌠.....,,,,,,,,,,,,
**,,..........o#o*,*,*,*,*,*
*,,,........o..#,,,,,,,,,,,,
*,$...........o#*,,,,,,,,,,,
**,...........o.#***,,,,,,,,,
*,,.............# ***,,,,,**
***,........o@)..# *******
**,,*........o.o######**#######
*,,,,........)...#...#*,#......
**,,,*................#,........
*,,,*,........)......###........
**,,,,.#....#.......#)#.#.......
*,,,,..........#...)...........
**,*,##.##.#...##..))..........
**,,..,,###...###.#.#.........


You could see 2 orc knights, 2 orc warriors, 2 orc priests and an orc (strong).

Vanquished Creatures
  2 vault guards (D:13)
  A boulder beetle (D:11)
  A hydra (D:9)
  A two-headed ogre (D:7)
  A death knight (D:13)
  An orc high priest (Orc:2)
  4 skeletal warriors
  2 orc knights
  An orc sorcerer (Orc:2)
  A deep elf mage (D:11)
  A manticore (D:12)
  3 ugly things
  4 cyclopes
  A centaur zombie (D:10)
  2 freezing wraiths
  9 trolls
  Sigmund (D:4)
  A wraith (D:8)
  4 wyverns
  A basilisk (D:7)
  7 yaks
  Menkaure (D:4)
  A warg (Orc:1)
  3 water moccasins
  26 orc warriors
  2 ice beasts
  A sky beast (D:5)
  8 ogres
  2 black bears
  2 phantoms
  18 centaurs
  3 big kobolds
  11 bullfrogs
  A water moccasin zombie (D:11)
  A gnoll sergeant (D:8)
  4 scorpions
  A wyvern skeleton (D:12)
  3 wights (D:11)
  9 killer bees
  A howler monkey (D:8)
  4 bullfrog zombies
  A quasit (D:8)
  A jelly (D:11)
  A centaur skeleton (D:9)
  6 hounds
  23 orc priests
  5 bullfrog skeletons
  A gnoll shaman (D:7)
  20 orc wizards
  7 iguanas
  8 worker ants
  2 hound skeletons
  2 hound zombies
  2 worker ant zombies
  2 howler monkey zombies
  7 gnolls
  13 adders
  2 shadow imps
  5 white imps
  An ufetubus (D:7)
  An adder zombie (D:9)
  2 worms
  A dart slug (D:2)
  4 leopard geckos
  102 orcs
  A ball python (D:2)
  5 bats
  3 giant cockroaches
  13 goblins
  10 hobgoblins
  16 jackals
  18 kobolds
  9 quokkas
  4 frilled lizards
  A quokka zombie (D:10)
  7 rats
  A bush (D:8)
458 creatures vanquished.

Vanquished Creatures (others)
  3 fungi
  15 plants
  5 withered plants (D:6)
23 creatures vanquished.

Grand Total: 481 creatures vanquished

Notes
Turn   | Place    | Note
-------+----------+-------------------------------------------
     0 | D:1      | jlumianski the Palentonga Fighter began the quest for the
                  | Orb.
     0 | D:1      | Reached XP level 1. HP: 20/20 MP: 1/1
    56 | D:1      | Reached XP level 2. HP: 26/27 MP: 2/2
   325 | D:1      | Reached XP level 3. HP: 33/33 MP: 3/3
  1355 | D:2      | Reached skill level 3 in Axes
  1372 | D:2      | Reached XP level 4. HP: 40/40 MP: 4/4
  1441 | D:3      | Found a basalt altar of Yredelemnul.
  1675 | D:3      | Found a burning altar of Makhleb.
  2096 | D:3      | Found a sacrificial altar of Ru.
  2437 | D:3      | Reached XP level 5. HP: 39/48 MP: 5/5
  2508 | D:4      | Reached skill level 4 in Axes
  2513 | D:4      | Found a staircase to the Ecumenical Temple.
  2552 | D:4      | Found Muradun's Magic Scroll Shop.
  2559 | Temple   | Entered the Ecumenical Temple
  2596 | Temple   | Became a worshipper of Warmaster Okawaru
  2772 | D:4      | Found Rankyfi's Book Shop.
  2804 | D:4      | Bought a scroll of enchant weapon for 90 gold pieces
  2804 | D:4      | Bought a scroll of enchant weapon for 90 gold pieces
  2855 | D:4      | Noticed Menkaure
  2858 | D:4      | Killed Menkaure
  2859 | D:4      | Reached XP level 6. HP: 40/55 MP: 6/6
  2996 | D:5      | Entered Level 5 of the Dungeon
  3022 | D:4      | Reached skill level 5 in Axes
  3245 | D:4      | Gained mutation: You are frail. (-10% HP) [potion of
                  | mutation]
  3245 | D:4      | Gained mutation: You are agile. (Dex +2) [potion of
                  | mutation]
  3322 | D:4      | Gained mutation: You curl defensively after being hit.
                  | [Palentonga growth]
  3322 | D:4      | Reached XP level 7. HP: 53/58 MP: 7/7
  3373 | D:4      | Reached * piety under Okawaru
  3393 | D:4      | Found Geczi's Gadget Shop.
  3648 | D:4      | Noticed Sigmund
  3663 | D:4      | Killed Sigmund
  3664 | D:4      | Reached skill level 1 in Dodging
  3664 | D:4      | Reached skill level 1 in Invocations
  3777 | D:4      | Found Soapa's Book Boutique.
  3850 | D:4      | Found Lich's Assorted Antiques.
  3853 | D:4      | Bought a marble ring for 120 gold pieces
  3946 | D:5      | Reached skill level 6 in Axes
  4009 | D:6      | Found a blossoming altar of Fedhas.
  4073 | D:5      | Found Gozag's Platinum Reserve.
  4184 | D:5      | Reached XP level 8. HP: 64/64 MP: 9/9
  4221 | D:5      | Reached ** piety under Okawaru
  4373 | D:5      | Found an opulent altar of Gozag.
  4765 | D:6      | Reached skill level 7 in Axes
  5010 | D:7      | Found a stormy altar of Qazlal.
  5010 | D:7      | Found a sparkling altar of Nemelex Xobeh.
  5058 | D:6      | Found an ancient bone altar of Kikubaaqudgha.
  5061 | D:6      | Found a blossoming altar of Fedhas.
  5085 | D:6      | Reached skill level 5 in Fighting
  5122 | D:6      | You fall into a shaft and drop 1 floor!
  5766 | D:7      | Found a glowing silver altar of Zin.
  5773 | D:7      | Found a shimmering blue altar of Sif Muna.
  5813 | D:7      | Reached skill level 8 in Axes
  5813 | D:7      | Reached XP level 9. HP: 37/71 MP: 11/11
  6287 | D:8      | Found a shadowy altar of Dithmenos.
  6301 | D:8      | Reached *** piety under Okawaru
  6899 | D:8      | Reached skill level 5 in Shields
  6903 | D:8      | Reached skill level 5 in Invocations
  6908 | D:8      | Found a staircase to the Lair.
  6939 | D:7      | Reached skill level 9 in Axes
  6939 | D:7      | Reached skill level 5 in Armour
  7100 | D:7      | Reached **** piety under Okawaru
  7277 | D:8      | Reached XP level 10. HP: 79/80 MP: 14/14
  7301 | D:8      | Found a snail-covered altar of Cheibriados.
  7590 | D:8      | Noticed a two-headed ogre
  7626 | D:7      | Killed a two-headed ogre
  8340 | D:8      | Found an iron altar of Okawaru.
  8474 | D:10     | Entered Level 10 of the Dungeon
  8486 | D:10     | Reached skill level 10 in Axes
  8754 | D:9      | Noticed a cyclops
  8759 | D:9      | Killed a cyclops
  8759 | D:9      | Reached ***** piety under Okawaru
  9328 | D:9      | Noticed a four-headed hydra
  9342 | D:9      | Killed a four-headed hydra
  9343 | D:9      | Reached XP level 11. HP: 80/88 MP: 14/16
  9749 | D:10     | Noticed a cyan ugly thing
  9761 | D:10     | Killed a cyan ugly thing
  9762 | D:10     | Reached skill level 1 in Maces & Flails
 10096 | D:10     | Found a radiant altar of Vehumet.
 10528 | D:11     | Received a gift from Okawaru
 10807 | Lair:1   | Entered Level 1 of the Lair of Beasts
 10811 | Lair:1   | Reached skill level 11 in Axes
 11260 | D:12     | Noticed a deep elf mage
 11275 | D:11     | Killed a deep elf mage
 11583 | D:11     | Noticed a boulder beetle
 11592 | D:11     | Killed a boulder beetle
 11644 | D:11     | Found a staircase to the Orcish Mines.
 11881 | D:12     | Noticed a skeletal warrior
 11894 | D:12     | Killed a skeletal warrior
 11927 | D:12     | Noticed a skeletal warrior
 11931 | D:12     | Noticed a skeletal warrior
 11931 | D:12     | Noticed a skeletal warrior
 11968 | D:11     | Killed a skeletal warrior
 12255 | D:11     | Killed a skeletal warrior
 12260 | D:11     | Killed a skeletal warrior
 12380 | D:12     | Reached skill level 12 in Axes
 12380 | D:12     | Reached XP level 12. HP: 84/97 MP: 18/18
 12732 | D:14     | Noticed a death knight
 12743 | D:14     | Noticed a vault guard
 12914 | D:13     | Killed a death knight
 12932 | D:13     | Received a gift from Okawaru
 12935 | D:13     | Got an ancient broad axe {god gift}
 12940 | D:13     | Identified the +3 broad axe "Liheazojih" {protect, rPois
                  | Int+3} (Okawaru gifted it to you on level 13 of the
                  | Dungeon)
 12953 | D:13     | Killed a vault guard
 13187 | D:14     | Noticed a vault guard
 13208 | D:14     | Noticed a vault guard
 13265 | D:13     | Killed a vault guard
 13725 | D:13     | Noticed Frances
 13725 | D:13     | Noticed Kirke
 14135 | Orc:1    | Entered Level 1 of the Orcish Mines
 14190 | Orc:2    | Entered Level 2 of the Orcish Mines
 14252 | Orc:1    | Found a roughly hewn altar of Beogh.
 14369 | Orc:1    | You fall into a shaft and drop 1 floor!
 14810 | Orc:2    | Received a gift from Okawaru
 14929 | Orc:2    | Found a staircase to the Elven Halls.
 14950 | Orc:2    | Noticed an orc high priest
 14957 | Orc:2    | Reached skill level 10 in Invocations
 14960 | Orc:2    | Killed an orc high priest
 15003 | Orc:1    | Reached skill level 13 in Axes
 15762 | Orc:1    | Found Reumn's General Store.
 16225 | Orc:2    | Found Orelige's Gadget Boutique.
 16225 | Orc:2    | Killed from afar by an orc priest

Illustrated notes

Levels and vault maps discovered:
D:1:      roderic_crossed_star, layout_loops_ring
D:2:      layout_loops_ring, dk_noncrumbling_4, nicolae_ru_the_path_less_chosen
D:3:      layout_rooms, lemuel_crystal_altar, lemuel_crystal_altar,
          overflow_temple_1_default, serial_bayou_pond_b
D:4:      kennysheep_big_flooded_room, layout_loops_cross,
          minmay_temple_entry_grid, serial_shops, nicolae_shop_behind_doors,
          shop, kennysheep_little_box, shop, nicolae_shop_trees,
          minmay_goblin_outpost, uniq_menkaure, uniq_sigmund
D:5:      layout_loops_ring, nicolae_gozag_zags_fifth_avenue
D:6:      layout_cave_pods, grunt_temple_overflow_growth_and_decay,
          fedhas_altar_3
D:7:      layout_layer_cave, gammafunk_temple_overflow_wave,
          amethyst_overflow_temple_binary
D:8:      layout_cave_pods, nicolae_overflow_crystal_walls, cheibriados_altar_1,
          minmay_lair_entry_grove, basic_altar
D:9:      layout_roguey, minmay_misc_feat_square, minmay_misc_feat_tiny
D:10:     layout_irregular_city, basic_altar, mumra_transporter_accident,
          centaur_isle
D:11:     layout_irregular_city, hiddenorc1_lemuel
D:12:     layout_cave_pods, minivault_26, minmay_misc_feat_more_columns,
          kennysheep_generic_room_16
D:13:     layout_roguey [special_room_orc], enter_trove_5, the_bakery,
          uniq_frances, uniq_kirke
D:14:     layout_loops_ring, erik_vaults_2, grunt_dithmenos_smoke,
          minmay_misc_feat_secret_circle, hangedman_abyss_or_decor_slice
Temple:   cyrus_temple_forest
Lair:1:   layout_regular_city, lemuel_fruit_tree
Orc:1:    layout_diamond_mine, serial_shops, shop, mines2_david
Orc:2:    st_orc_pillars, layout_caves, serial_shops, shop_fountains

Skill      XL: |  1  2  3  4  5  6  7  8  9 10 11 12 |
---------------+-------------------------------------+-----
Axes           | 3 4 5 6 8 9 10 12 13 | 13.1
Armour         | 3 4 5 6 7 |  7.3
Shields        | 3 4 5 6 7 |  7.7
Fighting       | 4 5 6 7 8 |  8.9
Dodging        | 1 2 |  2.8
Invocations    | 2 3 5 7 9 10 | 10.3
Maces & Flails | 1 |  1.5
Throwing       | |  0.7
Stealth        | |  0.2

Action                   |  1- 3 |  4- 6 |  7- 9 | 10-12 || total
-------------------------+-------+-------+-------+-------++-------
Melee: War axe           |   131 |   139 |   235 |   640 ||  1145
       Tailslap          |    13 |    16 |    34 |   132 ||   195
       Flail             |       |       |       |     8 ||     8
Throw: Dart              |       |       |       |    17 ||    17
Invok: Heroism           |       |       |       |     7 ||     7
 Abil: Rolling Charge    |    19 |    19 |    32 |    62 ||   132
Evoke: Wand              |       |       |       |     1 ||     1
       Phial of floods   |       |       |       |     1 ||     1
  Use: Potion            |     1 |     9 |     3 |     4 ||    17
       Scroll            |       |    10 |     8 |     9 ||    27
Armor: Scale mail        |    79 |       |       |       ||    79
       Chain mail        |    14 |    80 |    79 |       ||   173
       Plate armour      |       |       |    33 |   364 ||   397
Dodge: Dodged            |    46 |    20 |    52 |   124 ||   242
Block: Kite shield       |    93 |    62 |   141 |   400 ||   696
